3AAA
RAPPAHANNOCK PARTISANS @ GRYFINDOR BRAVES
08/22/2019
 
TOP OF THE 1ST
Rappahannock Partisans batting - Pitching for Gryfindor Braves : RHP Jim Unknown
Pitching: RHP Jim Unknown
Batting: RHB Kyle Dempsey 0-0: Called Strike
0-1: Called Strike
0-2: Foul Ball, location: 2F
0-2: SINGLE (Groundball, 5D)
Batting: RHB Pablo Lugo 0-0: Called Strike
0-1: Ball
1-1: Ball
2-1: Called Strike
2-2: Strikes out looking
Batting: RHB Tom Baker 0-0: Ball
1-0: Ball
2-0: Ball
3-0: Called Strike
3-1: Base on Balls
Kyle Dempsey to second
Batting: LHB Robert Bond 0-0: Ball
1-0: Called Strike
1-1: Ball
2-1: Foul Ball, location: 2F
2-2: Fielders Choice at 2nd, 3-6 (Groundball, 34)
Kyle Dempsey to third
Batting: RHB San-gui Liang 0-0: Ball
1-0: Foul Ball, location: 2F
1-1: SINGLE (Groundball, 56D)
Kyle Dempsey scores
Robert Bond to second
Batting: RHB Mal Phillips 0-0: Foul Ball, location: 2F
0-1: Called Strike
0-2: Ball
1-2: SINGLE (Groundball, 34)
Robert Bond to third
San-gui Liang to second
Runner from 3rd tries for Home, SAFE, no throw or cutoff
Batting: RHB Ricardo Pérez 0-0: Ball
1-0: Called Strike
1-1: Called Strike
1-2: Fly out, F2 (Popup, 2RF)
Top of the 1st over - 2 run(s), 3 hit(s), 0 error(s), 2 left on base; Rappahannock 2 - Gryfindor 0
BOTTOM OF THE 1ST
Gryfindor Braves batting - Pitching for Rappahannock Partisans : RHP Jim Unknown
Pitching: RHP Jim Unknown
Batting: LHB Iván Flores 0-0: DOUBLE (Groundball, 3L)
Batting: SHB Reed Ramsey 0-0: Foul Ball, location: 2F
0-1: Foul Ball, location: 2F
0-2: Hit by Pitch
Batting: RHB Kyle Wilson 0-0: Called Strike
0-1: Ball
1-1: Swinging Strike
1-2: Foul Ball, location: 2F
1-2: Ball
2-2: Ball
3-2: SINGLE (Line Drive, 34D)
Iván Flores to third
Reed Ramsey to second
Runner from 3rd tries for Home, SAFE, no throw or cutoff
Batting: LHB Stephen Baird 0-0: Foul Ball, location: 2F
0-1: Ball
1-1: SINGLE (Groundball, 5D)
Reed Ramsey to third
Kyle Wilson to second
Batting: LHB Chris Thurman 0-0: Ball
1-0: Called Strike
1-1: Swinging Strike
1-2: Ball
2-2: Ball
3-2: Foul Ball, location: 2F
3-2: Fielders Choice at 2nd, 6-4 (Groundball, 6)
Reed Ramsey scores
Kyle Wilson to third
Batting: RHB Claudio Pérez 0-0: Swinging Strike
0-1: Ball
1-1: Ball
2-1: Swinging Strike
2-2: Fly out, F8 (Flyball, 8RM)
Runner from 3rd tags up, SCORES, throw made
Batting: RHB Jong-duk Kim 0-0: Ball
1-0: Ball
2-0: Foul Ball, location: 2F
2-1: Ball
3-1: Base on Balls
Chris Thurman to second
Batting: LHB Jim Unknown 0-0: Foul Ball, location: 2F
0-1: Ball
1-1: Swinging Strike
1-2: SINGLE (Groundball, 3L)
Chris Thurman to third
Jong-duk Kim to second
Runner from 3rd tries for Home, SAFE, throw made at trailing runner, SAFE at third!
Batting: RHB Jim Unknown 0-0: SINGLE (Groundball, 4MD)
Jong-duk Kim scores
Jim Unknown to second
Pitching: RHP Lindsay Turner
Batting: LHB Iván Flores 0-0: Ball
1-0: Fly out, F8 (Flyball, 8LM)
Bottom of the 1st over - 5 run(s), 5 hit(s), 0 error(s), 2 left on base; Rappahannock 2 - Gryfindor 5
TOP OF THE 2ND
Rappahannock Partisans batting - Pitching for Gryfindor Braves : RHP Jim Unknown
Batting: RHB José Mata 0-0: Called Strike
0-1: Ball
1-1: SINGLE (Line Drive, 9LM)
Batting: RHB Tim Wilson 0-0: Ball
1-0: Swinging Strike
1-1: Ball
2-1: Ball
3-1: Base on Balls
José Mata to second
Batting: RHB Kyle Dempsey 0-0: 3-RUN HOME RUN (Flyball, 7LD), Distance : 342 ft
Pitching: RHP Victor Benton
Batting: RHB Pablo Lugo 0-0: Called Strike
0-1: Ball
1-1: Foul Ball, location: 2F
1-2: Foul Ball, location: 2F
1-2: Ball
2-2: Ball
3-2: Ground out 6-3 (Groundball, 6)
Batting: RHB Tom Baker 0-0: Foul Ball, location: 2F
0-1: Ball
1-1: Fly out, F5 (Popup, 5S)
Batting: LHB Robert Bond 0-0: Called Strike
0-1: Ground out 4-3 (Groundball, 4MD)
Top of the 2nd over - 3 run(s), 2 hit(s), 0 error(s), 0 left on base; Rappahannock 5 - Gryfindor 5
BOTTOM OF THE 2ND
Gryfindor Braves batting - Pitching for Rappahannock Partisans : RHP Lindsay Turner
Batting: SHB Reed Ramsey 0-0: Called Strike
0-1: Ball
1-1: Foul Ball, location: 2F
1-2: DOUBLE (Line Drive, 78D)
Batting: RHB Kyle Wilson 0-0: Foul Ball, location: 2F
0-1: Called Strike
0-2: Strikes out swinging
Batting: LHB Stephen Baird 0-0: Foul Ball, location: 2F
0-1: Ball
Wild Pitch!
Reed Ramsey to third
1-1: DOUBLE (Line Drive, 7M)
Reed Ramsey scores
Batting: LHB Chris Thurman 0-0: Foul Ball, location: 2F
0-1: SINGLE (Groundball, 25) (infield hit)
Stephen Baird to third
Batting: RHB Claudio Pérez 0-0: Ball
Chris Thurman is caught stealing 2nd base
1-0: SINGLE (Line Drive, 7LM)
Stephen Baird scores
Pitching: RHP Gilberto Ibarra
Batting: RHB Jong-duk Kim 0-0: Ball
1-0: Fielders Choice at 2nd, 6-4 (Groundball, 6)
Bottom of the 2nd over - 2 run(s), 4 hit(s), 0 error(s), 0 left on base; Rappahannock 5 - Gryfindor 7
TOP OF THE 3RD
Rappahannock Partisans batting - Pitching for Gryfindor Braves : RHP Victor Benton
Batting: RHB San-gui Liang 0-0: Ball
1-0: DOUBLE (Flyball, 9LD)
Batting: RHB Mal Phillips 0-0: Called Strike
0-1: Ball
1-1: Ground out 6-3 (Groundball, 6M)
San-gui Liang to third
Batting: RHB Ricardo Pérez 0-0: Called Strike
0-1: Ball
1-1: Called Strike
1-2: Ball
2-2: Ground out 4-3 (Groundball, 4M)
San-gui Liang scores
Batting: RHB José Mata 0-0: Ball
1-0: Foul Ball, location: 2F
1-1: Fly out, F9 (Flyball, 9M)
Top of the 3rd over - 1 run(s), 1 hit(s), 0 error(s), 0 left on base; Rappahannock 6 - Gryfindor 7
BOTTOM OF THE 3RD
Gryfindor Braves batting - Pitching for Rappahannock Partisans : RHP Gilberto Ibarra
Batting: LHB Jim Unknown 0-0: Called Strike
0-1: Fly out, F3 (Popup, 3SF)
Batting: RHB Jim Unknown 0-0: Ball
1-0: Swinging Strike
1-1: Ground out 1-3 (Groundball, 3S)
Batting: LHB Iván Flores 0-0: Fly out, F7 (Flyball, 7M)
Bottom of the 3rd over - 0 run(s), 0 hit(s), 0 error(s), 0 left on base; Rappahannock 6 - Gryfindor 7
TOP OF THE 4TH
Rappahannock Partisans batting - Pitching for Gryfindor Braves : RHP Victor Benton
Batting: RHB Tim Wilson 0-0: Ball
1-0: Called Strike
1-1: Foul Ball, location: 2F
1-2: Ball
2-2: Strikes out swinging
Batting: RHB Kyle Dempsey 0-0: Swinging Strike
0-1: Ball
1-1: Swinging Strike
1-2: Ground out 6-3 (Groundball, 6)
Batting: RHB Pablo Lugo 0-0: Ball
1-0: Called Strike
1-1: Foul Ball, location: 2F
1-2: Ball
2-2: Ball
Single, Error in OF, E7, batter to second base
Batting: RHB Tom Baker 0-0: Called Strike
0-1: SINGLE (Line Drive, 89S)
Pablo Lugo to third
Batting: LHB Robert Bond 0-0: Ball
Passed Ball!
Pablo Lugo scores
Tom Baker to second
1-0: Ground out U3 (Groundball, 3)
Top of the 4th over - 1 run(s), 2 hit(s), 1 error(s), 1 left on base; Rappahannock 7 - Gryfindor 7
BOTTOM OF THE 4TH
Gryfindor Braves batting - Pitching for Rappahannock Partisans : RHP Gilberto Ibarra
Batting: SHB Reed Ramsey 0-0: Ball
1-0: Ball
2-0: Called Strike
2-1: Ball
3-1: Base on Balls
Batting: RHB Kyle Wilson 0-0: Ball
1-0: Called Strike
1-1: Ball
2-1: Ball
3-1: Foul Ball, location: 2F
3-2: Base on Balls
Reed Ramsey to second
Batting: LHB Stephen Baird 0-0: Foul Ball, location: 2F
0-1: Foul Ball, location: 2F
0-2: Strikes out swinging
Batting: LHB Chris Thurman 0-0: Fly out, F3 (Popup, 34S)
Batting: RHB Claudio Pérez 0-0: Fly out, F7 (Flyball, 7D)
Bottom of the 4th over - 0 run(s), 0 hit(s), 0 error(s), 2 left on base; Rappahannock 7 - Gryfindor 7
TOP OF THE 5TH
Rappahannock Partisans batting - Pitching for Gryfindor Braves : RHP Victor Benton
Batting: RHB San-gui Liang 0-0: Called Strike
0-1: SOLO HOME RUN (Flyball, 9LD), Distance : 331 ft
Pitching: RHP Jim Unknown
Batting: RHB Mal Phillips 0-0: Ball
1-0: Swinging Strike
1-1: Ball
2-1: Swinging Strike
2-2: DOUBLE (Flyball, 9D)
Batting: RHB Ricardo Pérez 0-0: Ball
1-0: Ball
2-0: Ball
3-0: Called Strike
3-1: Base on Balls
Batting: RHB José Mata 0-0: Fly out, F3 (Popup, 23F)
Batting: RHB Tim Wilson 0-0: Ball
1-0: SINGLE (Line Drive, 7S)
Mal Phillips to third
Ricardo Pérez to second
Batting: RHB Kyle Dempsey 0-0: Called Strike
0-1: Foul Ball, location: 2F
0-2: Ball
1-2: Strikes out looking
Batting: RHB Pablo Lugo 0-0: Ball
1-0: Swinging Strike
1-1: SINGLE (Groundball, 34D)
Mal Phillips scores
Ricardo Pérez to third
Tim Wilson to second
Runner from 3rd tries for Home, SAFE, no throw or cutoff
Batting: RHB Tom Baker 0-0: Ball
1-0: Ground out 6-3 (Groundball, 6)
Top of the 5th over - 3 run(s), 4 hit(s), 0 error(s), 2 left on base; Rappahannock 10 - Gryfindor 7
BOTTOM OF THE 5TH
Gryfindor Braves batting - Pitching for Rappahannock Partisans : RHP Gilberto Ibarra
Batting: RHB Jong-duk Kim 0-0: Called Strike
0-1: Ball
1-1: Ball
2-1: Swinging Strike
2-2: Strikes out swinging
Batting: LHB Jim Unknown 0-0: Foul Ball, location: 2F
0-1: Ball
1-1: Foul Ball, location: 2F
1-2: DOUBLE (Flyball, 78XD)
Batting: RHB Jim Unknown 0-0: Ground out 4-3 (Groundball, 4)
Jim Unknown to third
Batting: LHB Iván Flores 0-0: Fly out, F8 (Flyball, 8RM)
Bottom of the 5th over - 0 run(s), 1 hit(s), 0 error(s), 1 left on base; Rappahannock 10 - Gryfindor 7
TOP OF THE 6TH
Rappahannock Partisans batting - Pitching for Gryfindor Braves : RHP Jim Unknown
Pitching: RHP Jim Unknown
Batting: LHB Robert Bond 0-0: Ball
1-0: Foul Ball, location: 2F
1-1: Foul Ball, location: 2F
1-2: Ball
2-2: Strikes out swinging
Batting: RHB San-gui Liang 0-0: Called Strike
0-1: Swinging Strike
0-2: Hit by Pitch
Batting: RHB Mal Phillips 0-0: Ball
1-0: Grounds into double play, 4-6-3 (Groundball, 34)
Top of the 6th over - 0 run(s), 0 hit(s), 0 error(s), 0 left on base; Rappahannock 10 - Gryfindor 7
BOTTOM OF THE 6TH
Gryfindor Braves batting - Pitching for Rappahannock Partisans : RHP Gilberto Ibarra
Batting: SHB Reed Ramsey 0-0: Called Strike
0-1: Foul Ball, location: 2F
0-2: Ball
1-2: Strikes out swinging
Pitching: RHP Jon Shankle
Batting: RHB Kyle Wilson 0-0: Foul Ball, location: 2F
0-1: Ball
1-1: Ball
2-1: Ball
3-1: Foul Ball, location: 2F
3-2: Base on Balls
Batting: LHB Stephen Baird 0-0: Called Strike
0-1: Grounds into double play, 6-4-3 (Groundball, 6)
Bottom of the 6th over - 0 run(s), 0 hit(s), 0 error(s), 0 left on base; Rappahannock 10 - Gryfindor 7
TOP OF THE 7TH
Rappahannock Partisans batting - Pitching for Gryfindor Braves : RHP Jim Unknown
Batting: RHB Ricardo Pérez 0-0: Called Strike
0-1: Called Strike
0-2: Fly out, F7 (Line Drive, 7M)
Batting: RHB José Mata 0-0: SINGLE (Groundball, 6MD)
Batting: RHB Tim Wilson 0-0: Grounds into double play, U4-3 (Groundball, 4M)
Top of the 7th over - 0 run(s), 1 hit(s), 0 error(s), 0 left on base; Rappahannock 10 - Gryfindor 7
BOTTOM OF THE 7TH
Gryfindor Braves batting - Pitching for Rappahannock Partisans : RHP Jon Shankle
Batting: LHB Chris Thurman 0-0: Ball
1-0: Reached on error, E6 (Groundball, 6M)
Batting: RHB Claudio Pérez 0-0: Ball
1-0: Grounds into double play, 6-4-3 (Groundball, 56)
Batting: RHB Jong-duk Kim 0-0: Ball
1-0: Foul Ball, location: 2F
1-1: Fly out, F8 (Flyball, 8RM)
Bottom of the 7th over - 0 run(s), 0 hit(s), 1 error(s), 0 left on base; Rappahannock 10 - Gryfindor 7
TOP OF THE 8TH
Rappahannock Partisans batting - Pitching for Gryfindor Braves : RHP Jim Unknown
Pitching: RHP Rory Robinson
Batting: RHB Kyle Dempsey 0-0: Ball
1-0: Foul Ball, location: 2F
1-1: Ball
2-1: Ball
3-1: Base on Balls
Batting: RHB Pablo Lugo 0-0: Swinging Strike
0-1: Ball
1-1: Called Strike
1-2: Strikes out swinging
Batting: RHB Tom Baker 0-0: Ball
1-0: Called Strike
1-1: Ball
2-1: Called Strike
2-2: Strikes out swinging
Batting: LHB Robert Bond 0-0: Ball
1-0: Swinging Strike
1-1: Ball
2-1: Ball
3-1: Swinging Strike
3-2: Strikes out swinging
Top of the 8th over - 0 run(s), 0 hit(s), 0 error(s), 1 left on base; Rappahannock 10 - Gryfindor 7
BOTTOM OF THE 8TH
Gryfindor Braves batting - Pitching for Rappahannock Partisans : RHP Jon Shankle
Now at 2B: Jesús Murillo
Batting: LHB Jim Unknown 0-0: Foul Ball, location: 2F
0-1: Ball
1-1: Ball
2-1: Fly out, F2 (Popup, 2LF)
Pitching: RHP Chance Wiley
Batting: RHB Jim Unknown 0-0: Foul Ball, location: 2F
0-1: Ball
1-1: Ball
2-1: Called Strike
2-2: Strikes out swinging
Batting: LHB Iván Flores 0-0: Ball
1-0: Called Strike
1-1: SINGLE (Flyball, 78M)
Pitching: RHP Mark Walker
Batting: SHB Reed Ramsey 0-0: Ball
1-0: Ball
2-0: Called Strike
2-1: Swinging Strike
2-2: Strikes out swinging
Bottom of the 8th over - 0 run(s), 1 hit(s), 0 error(s), 1 left on base; Rappahannock 10 - Gryfindor 7
TOP OF THE 9TH
Rappahannock Partisans batting - Pitching for Gryfindor Braves : RHP Rory Robinson
Batting: RHB San-gui Liang 0-0: Ball
1-0: Ball
2-0: Ball
3-0: Called Strike
3-1: Base on Balls
Batting: RHB Mal Phillips 0-0: Ball
1-0: Fly out, F8 (Line Drive, 8RS)
Batting: RHB Ricardo Pérez 0-0: Ball
1-0: Swinging Strike
San-gui Liang steals 2nd base
1-1: Ball
Wild Pitch!
San-gui Liang to third
2-1: Foul Ball, location: 2F
2-2: DOUBLE (Groundball, 5L)
San-gui Liang scores
Batting: RHB José Mata 0-0: Intentional Walk
Batting: RHB Tim Wilson 0-0: Ball
Passed Ball!
Ricardo Pérez to third
José Mata to second
1-0: Ball
2-0: 3-RUN HOME RUN (Flyball, 8RXD), Distance : 438 ft
Pitching: LHP Jim Unknown
Batting: RHB Kyle Dempsey 0-0: Ball
1-0: Fly out, F4 (Popup, 4D)
Batting: RHB Jesús Murillo 0-0: SOLO HOME RUN (Flyball, 78XD), Distance : 414 ft
Batting: RHB Tom Baker 0-0: Called Strike
0-1: Ball
1-1: Swinging Strike
1-2: Foul Ball, location: 2F
1-2: SINGLE (Line Drive, 6MD)
Batting: LHB Robert Bond 0-0: Foul Ball, location: 2F
0-1: Foul Ball, location: 2F
0-2: Strikes out swinging
Top of the 9th over - 5 run(s), 4 hit(s), 0 error(s), 1 left on base; Rappahannock 15 - Gryfindor 7
BOTTOM OF THE 9TH
Gryfindor Braves batting - Pitching for Rappahannock Partisans : RHP Mark Walker
Batting: RHB Kyle Wilson 0-0: Ball
1-0: Ball
2-0: Ball
3-0: Called Strike
3-1: Swinging Strike
3-2: Strikes out swinging
Batting: LHB Stephen Baird 0-0: Ball
1-0: Ball
2-0: Ball
3-0: Called Strike
3-1: Base on Balls
Batting: LHB Chris Thurman 0-0: Foul Ball, location: 2F
0-1: Ball
1-1: Called Strike
1-2: Fly out, F7 (Flyball, 78D)
Batting: RHB Claudio Pérez 0-0: Called Strike
0-1: Ball
1-1: Ball
2-1: Swinging Strike
2-2: Strikes out swinging
Bottom of the 9th over - 0 run(s), 0 hit(s), 0 error(s), 1 left on base; Rappahannock 15 - Gryfindor 7
This league is powered by Out of the Park Baseball, the baseball management simulation game for PC, Mac and Linux
Saturday, July 25th, 2015 - OOTP Baseball 15.6 Build 34